 Dungeon Crawl Stone Soup version 0.30-a0-586-g23e55c9e0a (webtiles) character file.

Game seed: 14117610004861704667

165 wormed the Poker (level 5, 0/43 HPs)
             Began as a Gnoll Wanderer on Jan 4, 2023.
             Slain by a scorpion (4 damage)
             ... on level 5 of the Dungeon.
             The game lasted 00:04:35 (2858 turns).

wormed the Poker (Gnoll Wanderer)                   Turns: 2858, Time: 00:04:36

Health: 0/43       AC:  4    Str:  7 (9)  XL:     5   Next: 46%
Magic:  9/9        EV: 11    Int:  8 (11) God:
Gold:   126        SH:  0    Dex: 13 (16) Spells: 9/10 levels left

rFire   . . .      SeeInvis .    a - +4 spear
rCold   + . .      Faith    .    (no shield)
rNeg    . . .      Spirit   .    d - +0 leather armour
rPois   .          Reflect  .    e - +0 helmet
rElec   .          Harm     .    (no cloak)
rCorr   .          Rampage  .    (no gloves)
Will    .....                    (no boots)
Stlth   ++                       (no amulet)
HPRegen 1.07/turn                (no ring)
MPRegen 0.11/turn                (no ring)

@: attractive
A: fangs 1, strong nose, distributed training, hooves 1, cold resistance 1,
regeneration 1
a: no special abilities


You were on level 5 of the Dungeon.
You visited 1 branch of the dungeon, and saw 5 of its levels.

You collected 126 gold pieces.

Inventory:

Hand Weapons
 a - a +4 spear (weapon)
Missiles
 k - 4 poisoned darts (quivered)
Armour
 d - a +0 leather armour (worn)
 e - a +0 helmet (worn)
Wands
 g - a wand of charming (9)
Scrolls
 c - 3 scrolls of identify
 j - a scroll of fog
Potions
 h - a potion of resistance
 i - a potion of haste
 m - a potion of heal wounds {unknown}
 o - 3 potions of degeneration
 q - a potion of might {unknown}


   Skills:
 + Level 4.8 Fighting
 + Level 1.6 Short Blades
 + Level 1.6 Long Blades
 + Level 1.6 Axes
 + Level 1.6 Maces & Flails
 + Level 6.7 Polearms
 + Level 1.6 Staves
 + Level 4.8 Ranged Weapons
 + Level 1.6 Throwing
 + Level 3.0 Armour
 + Level 1.6 Dodging
 + Level 1.6 Stealth
 + Level 1.6 Shields
 + Level 1.6 Unarmed Combat
 + Level 3.2 Spellcasting
 + Level 1.2 Conjurations
 + Level 1.2 Hexes
 + Level 1.2 Summonings
 + Level 1.2 Necromancy
 + Level 1.2 Translocations
 + Level 1.2 Transmutations
 + Level 1.2 Fire Magic
 + Level 1.2 Ice Magic
 + Level 1.2 Air Magic
 + Level 1.2 Earth Magic
 + Level 1.2 Poison Magic
 + Level 1.8 Invocations
 + Level 3.0 Evocations


You had 9 spell levels left.
You knew the following spells:

 Your Spells              Type           Power      Damage    Failure   Level
a - Apportation           Tloc           6%         N/A       26%         1

Your spell library contained the following spells:

 Spells                   Type           Power      Damage    Failure   Level
 Airstrike                Air            1%         2d(1-17)  95%         4
 Summon Lightning Spire   Summ/Air       3%         N/A       95%         4
 Alistair's Intoxication  Tmut/Pois      2%         N/A       100%        5
 Lightning Bolt           Conj/Air       1%         1d12      100%        5


Dungeon Overview and Level Annotations

Branches:
Dungeon (5/15)
 Temple: D:4-7

Altars:
Ru

Annotations:
D:4 Blork the orc


Innate Abilities, Weirdness & Mutations

You have very sharp teeth.
Your uncanny sense of smell can sniff out nearby items.
Your experience applies equally to all skills.
You have large cloven feet.
Your flesh is cold resistant. (rC+)
Your natural rate of healing is unusually fast.


Message History

The orc closely misses you.
You barely miss the orc. You bite the orc, but do no damage.
The orc hits you but does no damage.
You closely miss the orc.
A scorpion comes into view.
You hit the orc. You bite the orc, but do no damage.
The orc is moderately wounded.
The orc hits you with a +0 short sword. The orc hits you but does no damage.
You hit the orc but do no damage.
The orc is moderately wounded.
The orc barely misses you. The orc closely misses you.
You hit the orc but do no damage.
The orc is moderately wounded.
The scorpion stings you.
* * * LOW HITPOINT WARNING * * *
The orc hits you but does no damage. The orc hits you with a +0 short sword.
* * * LOW HITPOINT WARNING * * *
You feel yourself speed up. The scorpion stings you.
* * * LOW HITPOINT WARNING * * *
The orc hits you but does no damage. x2
It was a potion of degeneration.
There was something very wrong with that liquid.
You feel weakened.
You feel dopey.
You feel clumsy. The scorpion stings you.
* * * LOW HITPOINT WARNING * * *
It was a potion of attraction.
You feel attractive to monsters. The orc hits you with a +0 short sword.
* * * LOW HITPOINT WARNING * * *
The orc closely misses you.
It was a potion of mutation.
You feel extremely strange.
Your feet thicken and deform.
You feel resistant to cold.
You begin to heal more quickly.
The scorpion barely misses you.
It was a potion of cancellation.
Your magical effects are unravelling.
You feel magically purged.
You feel yourself slow down.
The orc completely misses you. x2; The scorpion stings you.
You die...

## #
#.###.
#...##
#[soo#.#
#.†@..#
#.#....#
∆ ##...#
.###.# #
##


You could see a scorpion and 2 orcs.

Vanquished Creatures
  A hound (D:5)
  Ijyb (D:4)
  An orc wizard (D:5)
  2 adders (D:2)
  3 dart slugs
  An orc (D:3)
  6 ball pythons
  8 bats
  4 endoplasms
  A giant cockroach (D:1)
  4 goblins
  4 hobgoblins
  3 jackals (D:5)
  3 quokkas (D:2)
  15 frilled lizards
  4 kobolds
  2 rats
63 creatures vanquished.

Vanquished Creatures (others)
  4 plants (D:1)
4 creatures vanquished.

Grand Total: 67 creatures vanquished

Notes
Turn   | Place    | Note
-------+----------+-------------------------------------------
     0 | D:1      | wormed the Gnoll Wanderer began the quest for the Orb.
     0 | D:1      | wormed set off with the following items: a +3 spear, a +0
                  | sling, a scroll of fear, a +0 leather armour.
     0 | D:1      | Reached XP level 1. HP: 20/20 MP: 4/4
   123 | D:1      | Reached XP level 2. HP: 21/26 MP: 5/5
   867 | D:2      | Reached XP level 3. HP: 27/31 MP: 7/7
   962 | D:2      | Learned a level 1 spell: Apportation
  1065 | D:2      | Reached skill level 1 in Invocations
  1158 | D:2      | Reached skill level 1 in Short Blades
  1158 | D:2      | Reached skill level 1 in Long Blades
  1158 | D:2      | Reached skill level 1 in Axes
  1158 | D:2      | Reached skill level 1 in Maces & Flails
  1158 | D:2      | Reached skill level 1 in Staves
  1158 | D:2      | Reached skill level 1 in Throwing
  1158 | D:2      | Reached skill level 1 in Dodging
  1158 | D:2      | Reached skill level 1 in Stealth
  1158 | D:2      | Reached skill level 1 in Shields
  1158 | D:2      | Reached skill level 1 in Unarmed Combat
  1427 | D:2      | Reached XP level 4. HP: 38/38 MP: 8/8
  2315 | D:3      | Noticed a centaur
  2562 | D:3      | Found a sacrificial altar of Ru.
  2585 | D:3      | Reached skill level 1 in Conjurations
  2585 | D:3      | Reached skill level 1 in Hexes
  2585 | D:3      | Reached skill level 1 in Summonings
  2585 | D:3      | Reached skill level 1 in Necromancy
  2585 | D:3      | Reached skill level 1 in Translocations
  2585 | D:3      | Reached skill level 1 in Transmutations
  2585 | D:3      | Reached skill level 1 in Fire Magic
  2585 | D:3      | Reached skill level 1 in Ice Magic
  2585 | D:3      | Reached skill level 1 in Air Magic
  2585 | D:3      | Reached skill level 1 in Earth Magic
  2585 | D:3      | Reached skill level 1 in Poison Magic
  2692 | D:4      | Noticed Ijyb
  2716 | D:4      | Killed Ijyb
  2785 | D:4      | Noticed Blork the orc
  2826 | D:5      | Entered Level 5 of the Dungeon
  2840 | D:5      | Reached XP level 5. HP: 29/43 MP: 9/9
  2857 | D:5      | Gained mutation: You have large cloven feet. [potion of
                  | mutation]
  2857 | D:5      | Gained mutation: Your flesh is cold resistant. (rC+)
                  | [potion of mutation]
  2857 | D:5      | Gained mutation: Your natural rate of healing is unusually
                  | fast. [potion of mutation]
  2858 | D:5      | Slain by a scorpion

Illustrated notes

Levels and vault maps discovered:
D:1:      spicycebolla_green_bress_n_ham, layout_loops_ring, minmay_lizard_king
D:2:      minmay_razor_zed, layout_basic, serial_co_window_serial,
          co_window_paths_b, co_window_corner_a, co_window_corner_a,
          co_window_paths_b, co_window_paths_a, co_window_2corner,
          co_window_of_opportunity_c, co_window_of_opportunity_b,
          co_window_4corner_a, glass_columns_c, glass_columns_b, glass_columns_c
D:3:      layout_loops_ring, mainiacjoe_overflow_small_starburst,
          nicolae_overflow_hidden_temple, minmay_misc_feat_columns,
          roderic_serpentine_path
D:4:      layout_basic, uniq_blork_the_orc, uniq_ijyb
D:5:      nicolae_BIG_FREAKIN_CUBE, layout_loops_ring,
          minmay_temple_entry_junction, kennysheep_minor_cross,
          grunt_ministairs_2, hangedman_abyss_or_decor_lesser_grid,
          uniq_crazy_yiuf_cottage

Skill      XL: |  1  2  3  4 |
---------------+-------------+-----
Invocations    | 1 |  1.8
Short Blades   | 1 |  1.6
Long Blades    | 1 |  1.6
Axes           | 1 |  1.6
Maces & Flails | 1 |  1.6
Staves         | 1 |  1.6
Throwing       | 1 |  1.6
Dodging        | 1 |  1.6
Stealth        | 1 |  1.6
Shields        | 1 |  1.6
Unarmed Combat | 1 |  1.6
Spellcasting   | 3 |  3.2
Conjurations   | 1 |  1.2
Hexes          | 1 |  1.2
Summonings     | 1 |  1.2
Necromancy     | 1 |  1.2
Translocations | 1 |  1.2
Transmutations | 1 |  1.2
Fire Magic     | 1 |  1.2
Ice Magic      | 1 |  1.2
Air Magic      | 1 |  1.2
Earth Magic    | 1 |  1.2
Poison Magic   | 1 |  1.2
Armour         | 3 |  3.0
Evocations     | 3 |  3.0
Fighting       | |  4.8
Polearms       | |  6.7
Ranged Weapons | |  4.8

Action                   |  1- 3 |  4- 6 || total
-------------------------+-------+-------++-------
Melee: Spear             |   140 |    92 ||   232
       Bite              |    13 |     9 ||    22
       Punch             |     2 |     1 ||     3
Throw: Dart              |       |     3 ||     3
  Use: Scroll            |       |     9 ||     9
       Potion            |       |     6 ||     6
 Stab: Sleeping          |     1 |     4 ||     5
Armor: Leather armour    |    21 |    25 ||    46
Dodge: Dodged            |    38 |    37 ||    75

Table legend: (Time is in decaauts)
 A = Elapsed time spent in this place.
 B = Non-inter-level travel time spent in this place.
 C = Inter-level travel time spent in this place.
 D = Time resting spent in this place.
 E = Time spent auto-exploring this place.
 F = Levels seen in this place.
 G = Mean time per level.
                   A        B        C        D        E       F      G
               +--------+--------+--------+--------+--------+-----+--------+
         Total |   2787 |   2703 |     84 |    110 |   2103 |   5 |  557.4 |
       Dungeon |   2787 |   2703 |     84 |    110 |   2103 |   5 |  557.4 |
               +--------+--------+--------+--------+--------+-----+--------+

Top non-repeatable levels by time:
     D:2: 1414 daAuts
     D:1: 781 daAuts
     D:3: 359 daAuts
     D:4: 207 daAuts
     D:5: 24 daAuts
